 Dungeon Crawl Stone Soup version 0.30-a0-618-gd6c86c23d0 (webtiles) character file.

Game seed: 6686055197147869261

652 Leeroy the Covert (level 7, -12/36 HPs)
             Began as a Kobold Enchanter on Jan 9, 2023.
             Mangled by an ogre
             ... wielding a +0 giant club
              (21 damage)
             ... on level 5 of the Dungeon.
             The game lasted 00:05:30 (4764 turns).

Leeroy the Covert (Kobold Enchanter)                Turns: 4764, Time: 00:05:30

Health: -12/36     AC:  3    Str:  5    XL:     7   Next: 84%
Magic:  10/10      EV: 15    Int: 17    God:
Gold:   242        SH:  0    Dex: 17    Spells: 5/10 levels left

rFire   . . .      SeeInvis .    a - +1 dagger
rCold   . . .      Faith    .    (no shield)
rNeg    . . .      Spirit   .    b - +0 robe
rPois   .          Reflect  .    (no helmet)
rElec   .          Harm     .    (no cloak)
rCorr   .          Rampage  .    (no gloves)
Will    .....                    m - +0 pair of boots
Stlth   ++++++                   (no amulet)
HPRegen 0.26/turn                (no ring)
MPRegen 0.12/turn                (no ring)

@: no status effects
A: small, no large weapons, nightstalker 3
a: no special abilities


You were on level 5 of the Dungeon.
You visited 1 branch of the dungeon, and saw 5 of its levels.

You collected 242 gold pieces.

Inventory:

Hand Weapons
 a - a +1 dagger (weapon)
 j - a +2 hand axe of flaming
 y - a +0 falchion
Missiles
 i - 5 poisoned darts (quivered)
Armour
 b - a +0 robe (worn)
 m - a +0 pair of boots (worn)
 C - +0 steam dragon scales
Magical Staves
 n - a staff of conjuration
Wands
 D - a wand of flame (17)
Scrolls
 d - a scroll of enchant weapon {unknown}
 e - 9 scrolls of identify {unknown}
 f - 3 scrolls of fear {unknown}
 k - 3 scrolls of poison {unknown}
 o - 3 scrolls of noise {unknown}
 p - a scroll of enchant armour {unknown}
 s - a scroll of torment {unknown}
 t - a scroll of immolation {unknown}
 u - a scroll of teleportation {unknown}
 v - a scroll of butterflies {unknown}
 A - a scroll of vulnerability {unknown}
 B - a scroll of magic mapping {unknown}
Potions
 c - a potion of invisibility
 g - a potion of heal wounds {unknown}
 h - a potion of haste {unknown}
 l - a potion of curing {unknown}
 q - a potion of lignification {unknown}
 r - a potion of mutation {unknown}
 w - a potion of cancellation {unknown}
 x - 3 potions of attraction {unknown}
 z - 2 potions of flight {unknown}


   Skills:
 - Level 1.3 Short Blades
 - Level 2.4 Dodging
 + Level 11.5 Stealth
 - Level 2.1 Spellcasting
 + Level 3.6 Hexes
 - Level 0.4 Ice Magic


You had 5 spell levels left.
You knew the following spells:

 Your Spells              Type           Power      Damage    Failure   Level
a - Ensorcelled Hibernat  Hex/Ice        16%        N/A       13%         2
b - Confusing Touch       Hex            14%        N/A       13%         3

Your spell library contained the following spells:

 Spells                   Type           Power      Damage    Failure   Level
 Tukima's Dance           Hex            14%        N/A       13%         3
 Dazzling Flash           Conj/Hex       16%        N/A       26%         3
 Passwall                 Tmut/Erth      0%         N/A       28%         2
 Swiftness                Air            1%         N/A       50%         3


Dungeon Overview and Level Annotations

Branches:
Dungeon (5/15)
 Temple: D:4-7

Altars:
Fedhas
Zin


Innate Abilities, Weirdness & Mutations

You are small and have problems with some larger weapons.
You are completely attuned to the shadows.


Message History

Things that are here:
a +0 club; a +0 scale mail
Found a stone staircase leading down.
There is a stone staircase leading down here.
Done exploring.
Done exploring.
There is a stone staircase leading down here.
You climb downwards.
Found 2 bubbling pink potions.
There is a stone staircase leading up here.
x - 3 bubbling pink potions (gained 2)
You now have 226 gold pieces (gained 7).
o - 3 scrolls labelled LYFONN TIPSU (gained 1) Key pressed, stopping explore.
Found an escape hatch in the ceiling.
A hound comes into view.
The hound moves out of view.
You now have 242 gold pieces (gained 16).
A quokka comes into view.
A quokka is nearby!
An ogre comes into view. It is wielding a +0 giant club.
Found a stone staircase leading down.
The helpless quokka fails to defend itself.
You skewer the quokka like a kebab!!!
You kill the quokka!
You see here a quokka corpse.
The ogre shouts!
You hear a shout! x4; You hear a bark! x2
An orc wizard comes into view. It is wielding a +0 dagger.
The ogre hits you with a +0 giant club!!
Ouch! That really hurt!
* * * LOW HITPOINT WARNING * * *
An ogre comes into view. It is wielding a +0 giant spiked club.
You are too injured to fight recklessly!
You are too injured to fight recklessly!
An orc comes into view. It is wielding a +0 mace.
You see here a quokka corpse.
The ogre attacks as you move away!
The ogre hits you with a +0 giant club!!
Ouch! That really hurt!
You die...

..... .#o#.## #.#
...... #.#
.#o#.#### #.#
.....O@.####.####
.#.#.##..........
......##.###.####
.#.#O#...# #...#
.....#### ###.# #.#
#.# #.### ###.#
#...## #...#
..####<#..####.#.##


You could see an ogre, an orc wizard and an orc.

Vanquished Creatures
  A steam dragon (D:4)
  A black bear (D:4)
  A scorpion (D:4)
  A howler monkey (D:3)
  A jelly (D:4)
  2 orc priests
  2 hounds (D:4)
  An iguana (D:4)
  3 adders
  4 gnolls (D:2)
  3 dart slugs
  13 orcs
  11 endoplasms
  A giant cockroach (D:1)
  7 goblins
  6 hobgoblins
  5 jackals
  6 kobolds
  6 quokkas
  9 ball pythons
  6 bats
  6 frilled lizards
  5 rats
101 creatures vanquished.

Notes
Turn   | Place    | Note
-------+----------+-------------------------------------------
     0 | D:1      | Leeroy the Kobold Enchanter began the quest for the Orb.
     0 | D:1      | Reached XP level 1. HP: 10/10 MP: 3/3
   126 | D:1      | Reached XP level 2. HP: 15/15 MP: 5/5
   132 | D:1      | Reached skill level 5 in Stealth
   591 | D:1      | Reached XP level 3. HP: 12/19 MP: 6/6
  1003 | D:2      | Reached skill level 6 in Stealth
  1096 | D:2      | Reached XP level 4. HP: 24/24 MP: 7/7
  1523 | D:2      | Learned a level 2 spell: Ensorcelled Hibernation
  1527 | D:2      | Learned a level 3 spell: Confusing Touch
  1569 | D:2      | Reached skill level 7 in Stealth
  1764 | D:2      | Reached XP level 5. HP: 28/28 MP: 1/8
  2509 | D:3      | Found a faded altar of an unknown god.
  2541 | D:3      | Found a glowing silver altar of Zin.
  2779 | D:3      | Reached skill level 8 in Stealth
  2989 | D:3      | Found a blossoming altar of Fedhas.
  3357 | D:3      | Reached skill level 9 in Stealth
  3357 | D:3      | Reached XP level 6. HP: 32/32 MP: 9/9
  3851 | D:4      | Noticed a black bear
  3855 | D:4      | Killed a black bear
  3856 | D:4      | Reached skill level 10 in Stealth
  3886 | D:4      | Noticed a steam dragon
  3892 | D:4      | Killed a steam dragon
  3893 | D:4      | Reached XP level 7. HP: 25/36 MP: 5/10
  4378 | D:4      | Reached skill level 11 in Stealth
  4701 | D:5      | Entered Level 5 of the Dungeon
  4764 | D:5      | Mangled by an ogre

Illustrated notes

Levels and vault maps discovered:
D:1:      lightli_molten_gateway, layout_loops_cross, chequers_avenue,
          chequers_serial_rivers_micro_a
D:2:      kennysheep_six_static_rooms, layout_loops_corners, grunt_ministairs_1,
          minmay_misc_feat_plants, grunt_decor_mini_mirrors, minivault_26
D:3:      layout_basic, fedhas_altar_2, zin_academy,
          hellmonk_ecumenical_altar_inner_sanctum, feat_on_display
D:4:      layout_loops_ring
D:5:      wad_crossroads, layout_loops_ring, mainiacjoe_overflow_catwalk,
          serial_shops, nicolae_shop_trees, grunt_ministairs_7,
          minmay_splitting_lines, st_stairs_11, feat_on_display

Skill      XL: |  1  2  3  4  5  6  7 |
---------------+----------------------+-----
Stealth        | 5 6 7 9 10 11 | 11.5
Short Blades   | |  1.3
Dodging        | |  2.4
Spellcasting   | |  2.1
Hexes          | |  3.6
Ice Magic      | |  0.4

Action                   |  1- 3 |  4- 6 |  7- 9 || total
-------------------------+-------+-------+-------++-------
Melee: Dagger            |    71 |   165 |    57 ||   293
       Punch             |     1 |       |     1 ||     2
       Hand axe          |       |     5 |       ||     5
 Cast: Ensorcelled Hiber |       |    25 |     8 ||    33
  Use: Potion            |       |     1 |     1 ||     2
 Stab: Sleeping          |    24 |    33 |     8 ||    65
       Distracted        |     1 |       |       ||     1
Armor: Robe              |    11 |    23 |     4 ||    38
Dodge: Dodged            |    34 |   135 |    52 ||   221

Table legend: (Time is in decaauts)
 A = Elapsed time spent in this place.
 B = Non-inter-level travel time spent in this place.
 C = Inter-level travel time spent in this place.
 D = Time resting spent in this place.
 E = Time spent auto-exploring this place.
 F = Levels seen in this place.
 G = Mean time per level.
                   A        B        C        D        E       F      G
               +--------+--------+--------+--------+--------+-----+--------+
         Total |   4749 |   4632 |    117 |    143 |   3702 |   5 |  949.8 |
       Dungeon |   4749 |   4632 |    117 |    143 |   3702 |   5 |  949.8 |
               +--------+--------+--------+--------+--------+-----+--------+

Top non-repeatable levels by time:
     D:2: 1314 daAuts
     D:4: 1274 daAuts
     D:1: 1116 daAuts
     D:3: 981 daAuts
     D:5: 62 daAuts
